 Dungeon Crawl Stone Soup version 0.18-a0-918-g58938db (webtiles) character file.

216493 Morbidden the Devastator (level 18, -10/134 HPs)
             Began as a Purple Draconian Conjurer on Dec 27, 2015.
             Was a Priest of Ru.
             Killed from afar by Asterion (24 damage)
             ... with a bolt of fire
             ... on level 4 of the Snake Pit.
             The game lasted 05:22:59 (56000 turns).

Morbidden the Devastator (DrCj)                    Turns: 56000, Time: 05:22:59

Health: -10/134    AC: 22    Str: 12    XL:     18   Next: 73%
Magic:  0/45       EV: 15    Int: 31    God:    Ru [***...]
Gold:   52         SH:  0    Dex:  9    Spells: 8 memorised, 24 levels left

rFire  . . .     SeeInvis +     w - staff of conjuration
rCold  . . .     Gourm    .     (armour unavailable)
rNeg   . . .     Faith    .     (no shield)
rPois  +         Spirit   +     f - +2 hat
rElec  .         Dismiss  .     O - +2 cloak
rCorr  .         Reflect  .     A - +2 pair of gloves
SustAt .         Harm     .     p - +2 pair of boots {run}
MR     ++...                    s - amulet "Latye" {Spirit Int+3 Dex-3 SInv}
Stlth  +.........               m - +4 ring of intelligence
                                z - ring of magical power

@: about to teleport, very slightly contaminated, hasted, repel missiles,
heavily drained, very quick, very resistant to hostile enchantments, very
unstealthy
A: breathe power, unfitting armour, claws 1, hooves 1, stinger 1, see invisible,
frail 1, low mp 1, poison resistance, shaggy fur 1, strong 1, wild magic 1,
evolution 2, cold-blooded, inability to use devices, hated by all, AC +10
a: Breathe Dispelling Energy, Draw Out Power, Renounce Religion


You were on level 4 of the Snake Pit.
You worshipped Ru.
Ru was most pleased with you.
You were not hungry.

You visited 7 branches of the dungeon, and saw 34 of its levels.
You visited 1 bazaar.
You also visited: Labyrinth, Sewer and Ice Cave.

You collected 3160 gold pieces.
You spent 3108 gold pieces at shops.

Inventory:

Hand Weapons
 R - the +12 short sword "Foymo" {freeze, *Corrode +Blink rF+}
   (You took it off a minotaur in a labyrinth)

   It has been specially enchanted to freeze those struck by it, causing extra
   injury to most foes and up to half again as much damage against particularly
   susceptible opponents.
   It can also slow down cold-blooded creatures.
   It protects you from fire.
   It lets you blink.
   It may corrode your equipment when you take damage.
Armour
 f - a +2 hat (worn)
 p - a +2 pair of boots of running (worn)
 A - a +2 pair of gloves (worn)
 O - a +2 cloak (worn)
 Q - the +1 pair of boots of Fourul {rC+ rCorr}
   (You acquired it on level 2 of the Snake Pit)

   It protects you from cold.
   It protects you from acid and corrosion.
Magical Staves
 w - an uncursed staff of conjuration (weapon)
 N - an uncursed staff of power
Jewellery
 e - an uncursed ring of see invisible
 k - an uncursed ring of wizardry
 m - a +4 ring of intelligence (right hand)
 s - the amulet "Latye" (around neck) {Spirit Int+3 Dex-3 SInv}
   (You acquired it on level 2 of the Snake Pit)

   [amulet of guardian spirit]

   It causes incoming damage to be split between your health and magic.
   It affects your intelligence (+3).
   It affects your dexterity (-3).
   It lets you see invisible.
 z - a ring of magical power (left hand)
 B - an uncursed ring of protection from cold
 K - an uncursed amulet of resist corrosion
 M - an uncursed ring of poison resistance
 U - an uncursed ring of protection from fire
Scrolls
 d - 7 scrolls of enchant weapon
 l - 2 scrolls of fear
 n - 6 scrolls of remove curse
 o - a scroll of identify
 t - 8 scrolls of amnesia
 I - 3 scrolls of enchant armour
 P - 6 scrolls of fog
Potions
 g - a potion of lignification
 h - 4 potions of cancellation
 i - 8 potions of curing
 j - 6 potions of brilliance
 r - 2 potions of resistance
 v - 2 potions of haste
 C - a potion of berserk rage
 H - a potion of cure mutation
 J - 4 potions of might
 L - a potion of agility
Books
 a - a book of Conjurations

   Spells                             Type                      Level
   a - Magic Dart                     Conjuration                  1
   b - Searing Ray                    Conjuration                  2
   c - Dazzling Spray                 Conjuration/Hexes            3
   d - Fulminant Prism                Conjuration/Hexes            4
   e - Iskenderun's Mystic Blast      Conjuration                  4
   f - Iskenderun's Battlesphere      Conjuration/Charms           5
 c - a book of Air

   Spells                             Type                      Level
   a - Shock                          Conjuration/Air              1
   b - Swiftness                      Charms/Air                   2
   c - Repel Missiles                 Charms/Air                   2
   d - Static Discharge               Conjuration/Air              3
   e - Lightning Bolt                 Conjuration/Air              5
 q - a book of Annihilations

   Spells                             Type                      Level
   a - Poison Arrow                   Conjuration/Poison           6
   b - Chain Lightning                Conjuration/Air              8
   c - Lehudib's Crystal Spear        Conjuration/Earth            8
   d - Glaciate                       Conjuration/Ice              9
   e - Fire Storm                     Conjuration/Fire             9
 x - a book of Transfigurations

   Spells                             Type                      Level
   a - Stoneskin                      Transmutation/Earth          2
   b - Irradiate                      Conjuration/Transmutation    5
   c - Statue Form                    Transmutation/Earth          6
   d - Hydra Form                     Transmutation                6
   e - Dragon Form                    Transmutation                7
 D - the Volume of the Ten Planets
   (You bought it in a shop in a bazaar)

   Spells                             Type                      Level
   a - Apportation                    Translocation                1
   b - Blink                          Translocation                2
   c - Gell's Gravitas                Hexes/Translocation          3
   d - Portal Projectile              Translocation                3
   e - Passage of Golubria            Translocation                4
 F - a book of Clouds

   Spells                             Type                      Level
   a - Mephitic Cloud                 Conjuration/Poison/Air       3
   b - Conjure Flame                  Conjuration/Fire             3
   c - Poisonous Cloud                Conjuration/Poison/Air       6
   d - Freezing Cloud                 Conjuration/Ice/Air          6
   e - Ring of Flames                 Charms/Fire                  7
Comestibles
 b - 17 bread rations
 u - 12 meat rations
 G - a royal jelly


   Skills:
 + Level 10.7(9.1) Fighting
 - Level 1.5(0.2) Staves
 + Level 11.7(10.1) Dodging
 - Level 1.9(0.7) Stealth
 + Level 18.8(16.9) Spellcasting
 + Level 20.1(18.2) Conjurations
 - Level 6.9(5.5) Charms
 * Level 0.6(0.0) Translocations
 * Level 1.7(0.4) Transmutations
   Level 2.4(1.2) Fire Magic
 + Level 9.4(7.9) Ice Magic
 + Level 7.4(5.9) Air Magic
 * Level 1.0(0.0) Earth Magic


You had 24 spell levels left.
You knew the following spells:

 Your Spells              Type           Power        Failure   Level  Hunger
a - Magic Dart            Conj           ####         1%          1    None
b - Iskenderun's Mystic   Conj           ########     1%          4    None
c - Iskenderun's Battles  Conj/Chrm      ########     2%          5    None
d - Fulminant Prism       Conj/Hex       ########..   2%          4    None
e - Freezing Cloud        Conj/Ice/Air   ########..   9%          6    ##.....
f - Repel Missiles        Chrm/Air       ######       1%          2    None
g - Blink                 Tloc           N/A          7%          2    None
h - Statue Form           Trmt/Erth      #####....    100%        6    ##.....


Dungeon Overview and Level Annotations

Branches:
Dungeon (15/15)            Temple (1/1) D:4            Lair (8/8) D:8
 Shoals (2/4) Lair:3        Snake (4/4) Lair:6        Slime (0/6) Lair:7
    Orc (2/2) D:12            Elf (2/3) Orc:2        Vaults (0/5) D:14
 Depths (0/5) D:15

Altars:
Ashenzari
Cheibriados
Dithmenos
Elyvilon
Fedhas
Gozag
Kikubaaqudgha
Makhleb
Nemelex Xobeh
Okawaru
Pakellas
Qazlal
Ru
Sif Muna
Trog
Vehumet
Xom
Yredelemnul
Zin
The Shining One

Shops:
D:10 ::!   D:15 !   Orc:2 :*[(

Annotations:
D:3 Zigma's ghost, weakling DrMo
Snake:2 1 exclusion
Snake:4 exclusion: upstairs, Asterion


Innate Abilities, Weirdness & Mutations

You can breathe bolts of dispelling energy.
Your rich purple scales are hard (AC +10).
Your body does not fit into most forms of armour.
You are cold-blooded and may be slowed by cold attacks.
You cannot study or use magical devices.
You are hated by all.
You have sharp fingernails.
You have large cloven feet.
Your tail ends in a poisonous barb.
You have supernaturally acute eyesight.
You are frail (-10% HP).
Your magical capacity is low (-10% MP).
Your system is resistant to poisons.
You are covered in fur (AC +1).
Your muscles are strong. (Str +2)
Your spells are a little harder to cast, but a little more powerful.
You rapidly evolve.


Message History

You feel strangely unstable.
You feel yourself speed up.
Asterion hits you with a demon blade of electrocution!!
* * * LOW HITPOINT WARNING * * *
You are electrocuted!
* * * LOW HITPOINT WARNING * * *
Asterion gores you!
* * * LOW HITPOINT WARNING * * *
You hear a shout!
Unknown command.
Unknown command.
Unknown command.
Unknown command.
The naga shouts!
You feel a bit more experienced.
Drink which item? (? for menu, Esc to quit)
Okay, then.
Asterion conjures a destructive force in the name of Makhleb!
The bolt of fire hits you!
You die...

....#.##N.# #..# *****#..
....#.###.###..## ###
........).......########*** #
.........(..............,,****###
..).....................,,,,,,...
.........#####.........#*******##
...)###..# ###.......#** #
...###...###.....N.##* # ...#
#.#.##.....@.## #
...###..........#.## ######
...#.......######.H## ######§§§..
..)......#.# ##..###..§§S§§§S.
#######..#.# ##.....########.
...§§§#.##.# ####### ##
⌠.###§§§#*,**** * §##...§##,,,,,*
* ##...#.§#,,,,,* *


You could see Asterion and a naga.

Vanquished Creatures
  Saint Roka (Snake:2)
  Vashnia (Snake:2)
  Nikola (Snake:2)
  Polyphemus (Shoals:2)
  Agnes (D:14)
  Kirke (Lair:5)
  A frost giant (IceCv)
  4 greater nagas
  3 deep elf sorcerers
  Louise (D:15)
  A deep elf elementalist (Elf:2)
  A stone giant (Orc:1)
  A deep elf demonologist (Elf:2)
  A minotaur (Lab)
  2 merfolk impalers (Shoals:1)
  Josephine (D:13)
  An ice dragon (D:15)
  Harold (D:11)
  2 fire dragons (D:15)
  8 naga warriors
  4 catoblepae
  A merfolk aquamancer (Shoals:2)
  5 hydras
  5 centaur warriors
  5 ogre magi
  12 death yaks
  24 dancing weapons
  8 anacondas
  4 tengu warriors
  Urug (D:15)
  2 shock serpents (Snake:4)
  10 naga sharpshooters
  13 deep elf knights
  2 salamander mystics
  4 sea snakes
  3 hill giants
  6 naga ritualists
  3 swamp dragons (Lair:7)
  An unseen horror (D:15)
  13 deep elf archers
  7 harpies
  46 deep elf magi
  5 orc knights
  A wolf spider zombie (D:15)
  4 cyclopes
  4 ugly things
  A salamander (shapeshifter) (Elf:2)
  4 orc sorcerers
  12 salamanders
  3 manticores
  A faun (Shoals:1)
  4 griffons
  11 mana vipers
  4 elephants (Lair:3)
  An ice statue (IceCv)
  Maurice (D:8)
  3 sirens
  3 gargoyles
  14 spiny frogs
  16 naga magi
  5 komodo dragons
  2 guardian serpents
  39 black mambas
  A redback zombie (D:15)
  3 fire drakes
  11 trolls
  A freezing wraith (D:15)
  7 merfolk
  8 slime creatures
  20 polar bears
  A hornet zombie (D:15)
  16 two-headed ogres
  4 snapping turtles
  6 wraiths
  An air elemental (Elf:1)
  2 shadows
  18 blink frogs
  2 wyverns
  A trapdoor spider (D:15)
  A spriggan (Lair:2)
  4 fire elementals
  67 yaks
  2 basilisks
  5 water elementals
  12 hippogriffs
  3 vampire mosquitoes (D:12)
  5 hogs (Lair:5)
  A human (Lair:5)
  24 nagas
  4 wargs
  A hungry ghost (D:13)
  28 wolves
  3 swamp worms (Lair:7)
  Duvessa (D:6)
  A soldier ant (D:12)
  A mottled dragon (D:15)
  16 porcupines
  2 black bears (Lair:2)
  3 ice beasts
  A swamp drake (Lair:7)
  8 sky beasts
  3 phantoms
  15 water moccasins
  3 eyes of draining
  A boggart (shapeshifter) (Elf:1)
  41 ogres
  33 orc warriors
  11 centaurs
  7 big kobolds
  18 crocodiles
  A wyvern zombie (D:6)
  22 giant frogs
  3 gnoll sergeants (D:12)
  4 earth elementals
  Dowan (D:6)
  The ghost of Zigma the Ruffian, a weakling DrMo (D:6)
  4 scorpions
  9 killer bees
  3 wights (D:13)
  6 electric eels
  2 giant frog zombies
  5 crimson imps
  2 quasits
  6 hounds
  7 centaur skeletons
  14 orc priests
  7 giant frog skeletons
  5 centaur zombies
  9 jellies
  6 hell rats (Lair:5)
  9 iguanas
  11 worker ants
  14 orc wizards
  29 sheep
  2 gnolls
  19 river rats
  14 adders
  2 shadow imps
  An adder zombie (D:10)
  8 oozes
  2 adder skeletons
  3 worms
  5 giant geckos
  89 orcs
  A ball python (D:3)
  9 hobgoblins
  10 jackals
  25 kobolds
  3 quokkas
  9 bats
  9 giant cockroaches
  3 giant gecko skeletons
  A giant gecko zombie (D:6)
  5 giant newts
  6 goblins
  A jackal skeleton (D:3)
  8 rats
  7 fulminant prisms
  6 fungi (Lair:8)
  19 plants
1225 creatures vanquished.

Vanquished Creatures (others)
  A death yak (Shoals:2)
  3 anacondas
  A deep elf knight (Elf:1)
  A deep elf archer (Elf:2)
  A deep elf mage (Elf:2)
  An elephant (Lair:3)
  A spiny frog (Lair:4)
  3 black mambas
  An orc warrior (D:15)
  2 crocodiles
  2 giant frogs
  An orc priest (Orc:1)
  An orc wizard (D:13)
  3 orcs
  2 bushes (Lair:8)
  88 fulminant prisms
  17 fungi
  50 plants
179 creatures vanquished.

Grand Total: 1404 creatures vanquished

Notes
Turn   | Place    | Note
--------------------------------------------------------------
     0 | D:1      | Morbidden the Draconian Conjurer began the quest for the Orb.
     0 | D:1      | Reached XP level 1. HP: 14/14 MP: 3/3
   530 | D:1      | Reached XP level 2. HP: 20/20 MP: 5/5
  1214 | D:1      | Reached skill level 5 in Conjurations
  1217 | D:1      | Reached XP level 3. HP: 26/26 MP: 6/6
  1613 | D:2      | Found a deep blue altar of Sif Muna.
  1809 | D:2      | Found a burning altar of Makhleb.
  2004 | D:3      | Found a shadowy altar of Dithmenos.
  2075 | D:3      | Noticed Zigma's ghost (weakling DrMo)
  2185 | D:3      | Reached XP level 4. HP: 27/33 MP: 7/7
  2191 | D:3      | Learned a level 4 spell: Iskenderun's Mystic Blast
  2689 | D:3      | Found a sparkling altar of Nemelex Xobeh.
  3109 | D:4      | Reached skill level 6 in Conjurations
  3160 | D:4      | Reached XP level 5. HP: 38/38 MP: 2/8
  3326 | D:4      | Found a staircase to the Ecumenical Temple.
  3335 | Temple   | Entered the Ecumenical Temple
  3462 | Temple   | Became a worshipper of Ru the Awakened
  3549 | D:4      | Found a stormy altar of Qazlal.
  3592 | D:4      | Noticed an ogre
  3596 | D:4      | Killed an ogre
  3596 | D:4      | Reached skill level 7 in Conjurations
  4162 | D:4      | Found a shimmering altar of Xom.
  4265 | D:5      | Entered Level 5 of the Dungeon
  4271 | D:5      | Reached XP level 6. HP: 41/45 MP: 2/9
  4424 | D:5      | Found a glowing drain.
  4428 | Sewer    | Entered a sewer
  4969 | D:5      | Found an oddly glowing altar of Pakellas.
  5042 | D:5      | Reached skill level 8 in Conjurations
  5042 | D:5      | Your scales start taking on a rich purple colour.
  5042 | D:5      | Reached XP level 7. HP: 49/51 MP: 1/11
  5121 | D:5      | Found a snail-covered altar of Cheibriados.
  6824 | D:6      | Found an ancient bone altar of Kikubaaqudgha.
  6927 | D:6      | Reached skill level 1 in Fighting
  7129 | D:6      | Noticed Duvessa
  7141 | D:6      | Killed Duvessa
  7160 | D:6      | Noticed Dowan
  7237 | D:6      | Killed Dowan
  7397 | D:6      | Killed Zigma's ghost
  7492 | D:6      | Reached XP level 8. HP: 56/59 MP: 0/14
  7889 | D:6      | Reached skill level 9 in Conjurations
  7900 | D:6      | Found a radiant altar of Vehumet.
  8011 | D:6      | Reached skill level 5 in Spellcasting
  8504 | D:6      | Learned a level 5 spell: Iskenderun's Battlesphere
  8698 | D:6      | Reached skill level 10 in Conjurations
  9212 | D:6      | Reached XP level 9. HP: 35/67 MP: 6/18
  9449 | D:7      | Found an iron altar of Okawaru.
  9593 | D:7      | Reached skill level 1 in Charms
  9758 | D:7      | Gained mutation: You cannot study or use magical devices. [Ru sacrifice]
  9758 | D:7      | Reached * piety under Ru
  9758 | D:7      | Reached ** piety under Ru
  9758 | D:7      | Reached *** piety under Ru
  9852 | D:7      | Found a shimmering altar of Xom.
 10018 | D:7      | Found a sacrificial altar of Ru.
 10101 | D:7      | You fall through a shaft!
 10176 | D:7      | Found a white marble altar of Elyvilon.
 10696 | D:8      | Noticed Maurice
 10701 | D:8      | Killed Maurice
 10701 | D:8      | Reached skill level 11 in Conjurations
 10989 | D:8      | Found a staircase to the Lair.
 10989 | D:8      | Noticed a fire drake
 10995 | D:8      | Killed a fire drake
 11194 | D:8      | Found a burning altar of Makhleb.
 11370 | D:8      | Reached skill level 5 in Dodging
 11645 | D:8      | Reached XP level 10. HP: 73/73 MP: 14/21
 11819 | D:9      | Gained mutation: You are hated by all. [Ru sacrifice]
 12362 | D:10     | Entered Level 10 of the Dungeon
 12585 | D:10     | Noticed a hill giant
 12599 | D:10     | Killed a hill giant
 12599 | D:10     | Reached skill level 12 in Conjurations
 13032 | D:10     | Found Yjucog's Book Shoppe.
 13069 | D:10     | Found Qutusena's Distillery.
 13080 | D:10     | Gained mutation: Your spells are a little harder to cast, but a little more powerful. [potion of mutation]
 13080 | D:10     | Gained mutation: Your magical capacity is low (-10% MP). [potion of mutation]
 13080 | D:10     | Gained mutation: You passively map a small area around you. [potion of mutation]
 13100 | D:10     | Noticed a deep elf mage
 13108 | D:10     | Killed a deep elf mage
 13268 | D:10     | Noticed a griffon
 13281 | D:10     | Killed a griffon
 13566 | D:10     | Noticed a hill giant
 13569 | D:10     | Killed a hill giant
 13674 | D:10     | Found Vousomya's Book Shop.
 13956 | Lair:1   | Entered Level 1 of the Lair of Beasts
 14322 | Lair:1   | Reached XP level 11. HP: 45/81 MP: 22/22
 14789 | Lair:1   | Reached skill level 13 in Conjurations
 16154 | Lair:2   | Reached skill level 10 in Spellcasting
 16746 | Lair:3   | Found a frozen archway.
 16755 | IceCv    | Entered an ice cave
 17149 | IceCv    | Reached skill level 14 in Conjurations
 17340 | IceCv    | Reached skill level 5 in Fighting
 17714 | IceCv    | Reached XP level 12. HP: 94/94 MP: 19/23
 18638 | IceCv    | Noticed a frost giant
 18875 | IceCv    | Learned a level 4 spell: Fulminant Prism
 19361 | IceCv    | HP: 1/96 [frost giant/bolt of cold (54)]
 19846 | IceCv    | Killed a frost giant
 20493 | Lair:3   | Reached skill level 15 in Conjurations
 20637 | Lair:3   | Found a staircase to the Shoals.
 21517 | Lair:3   | Reached XP level 13. HP: 105/105 MP: 16/25
 22188 | Lair:4   | Learned a level 7 spell: Ring of Flames
 23064 | Lair:5   | Reached skill level 1 in Fire Magic
 23186 | Lair:5   | Noticed Kirke
 23195 | Lair:5   | Killed Kirke
 23917 | Lair:6   | Reached skill level 5 in Charms
 24385 | Lair:6   | Found a staircase to the Snake Pit.
 24969 | Lair:7   | Reached skill level 16 in Conjurations
 25707 | Lair:7   | Found a staircase to the Slime Pits.
 25922 | Lair:7   | Reached XP level 14. HP: 118/118 MP: 14/27
 26450 | Lair:8   | Entered Level 8 of the Lair of Beasts
 28626 | Lair:8   | Reached skill level 10 in Fighting
 28882 | Lair:8   | Identified a +1 pair of boots of running (You found it on level 8 of the Lair of Beasts)
 29717 | D:11     | Identified a +2 pair of boots of running (You found it on level 11 of the Dungeon)
 29781 | D:11     | Noticed Harold
 29808 | D:11     | Killed Harold
 31068 | D:12     | Reached skill level 17 in Conjurations
 31906 | D:12     | Found a staircase to the Orcish Mines.
 31932 | D:12     | Reached XP level 15. HP: 115/126 MP: 1/30
 33318 | D:13     | Learned a level 6 spell: Freezing Cloud
 33330 | D:13     | Noticed Josephine
 33337 | D:13     | Killed Josephine
 33471 | D:13     | Reached skill level 15 in Spellcasting
 34167 | D:14     | Reached skill level 1 in Ice Magic
 34492 | D:14     | Noticed Agnes
 34498 | D:14     | Killed Agnes
 34584 | D:14     | Found a gate to the Vaults.
 34594 | D:14     | Reached skill level 10 in Dodging
 34983 | D:15     | Entered Level 15 of the Dungeon
 34992 | D:15     | Noticed Louise
 35069 | D:15     | Noticed Urug
 35083 | D:15     | Killed Urug
 35083 | D:15     | Reached skill level 1 in Staves
 35377 | D:15     | Found a staircase to the Depths.
 35541 | D:15     | Found a basalt altar of Yredelemnul.
 35799 | D:15     | Killed Louise
 35809 | D:15     | Gained mutation: Your muscles are strong. (Str +2) [potion of mutation]
 35809 | D:15     | Gained mutation: Your system is resistant to poisons. [potion of mutation]
 35809 | D:15     | Gained mutation: You evolve. [potion of mutation]
 36409 | D:15     | Gained mutation: You are frail (-10% HP). [evolution]
 36413 | D:15     | Gained mutation: You are very frail (-20% HP). [potion of mutation]
 36413 | D:15     | Gained mutation: You are covered in fur (AC +1). [potion of mutation]
 36413 | D:15     | Gained mutation: You rapidly evolve. [potion of mutation]
 36414 | D:15     | Lost mutation: You passively map a small area around you. [potion of mutation]
 36414 | D:15     | Gained mutation: You have supernaturally acute eyesight. [potion of mutation]
 36415 | D:15     | Found an oddly glowing altar of Pakellas.
 36811 | D:15     | Found Coabbeing's Distillery.
 36819 | D:15     | Bought a potion of lignification for 39 gold pieces
 36819 | D:15     | Bought a potion of heal wounds for 65 gold pieces
 36819 | D:15     | Bought a potion of heal wounds for 65 gold pieces
 36951 | Orc:1    | Entered Level 1 of the Orcish Mines
 37252 | Orc:2    | Entered Level 2 of the Orcish Mines
 37252 | Orc:2    | Found a staircase to the Elven Halls.
 37381 | Orc:2    | Found a labyrinth entrance.
 37394 | Lab      | Entered a labyrinth
 37626 | Lab      | Got an iridescent short sword {freeze}
 37627 | Lab      | Got a scorched hand crossbow
 37636 | Lab      | Identified the cursed +2 hand crossbow of Amorality {velocity, MR++} (You took it off a minotaur in a labyrinth)
 37638 | Lab      | Identified the +12 short sword "Foymo" {freeze, *Corrode +Blink rF+} (You took it off a minotaur in a labyrinth)
 38027 | Orc:1    | Reached skill level 5 in Ice Magic
 38158 | Orc:1    | Reached XP level 16. HP: 86/108 MP: 15/32
 38736 | Orc:2    | Found Jeeck's Book Shoppe.
 38736 | Orc:2    | Found Liptott's Assorted Antiques.
 38737 | Orc:2    | Found Nafeisyl's Antique Armour Boutique.
 38737 | Orc:2    | Found Umuga's Antique Weapon Emporium.
 38933 | Orc:2    | Found a burning altar of Makhleb.
 38967 | Orc:2    | Reached skill level 18 in Conjurations
 39500 | Snake:1  | Entered Level 1 of the Snake Pit
 39783 | Orc:2    | Bought a book of Air for 560 gold pieces
 39786 | Orc:2    | Learned a level 2 spell: Repel Missiles
 41191 | Snake:1  | Gained mutation: Your magical capacity is very low (-20% MP). [evolution]
 41497 | Shoals:1 | Entered Level 1 of the Shoals
 41617 | Shoals:1 | Lost mutation: Your magical capacity is very low (-20% MP). [potion of mutation]
 41617 | Shoals:1 | Gained mutation: You have sharp fingernails. [potion of mutation]
 42691 | Shoals:2 | Noticed Polyphemus
 42704 | Shoals:2 | Killed Polyphemus
 43662 | Elf:1    | Entered Level 1 of the Elven Halls
 43671 | Orc:2    | Reached skill level 1 in Air Magic
 44480 | Elf:1    | Gained mutation: You have large cloven feet. [evolution]
 44970 | Elf:1    | Reached XP level 17. HP: 58/112 MP: 7/34
 46160 | Elf:2    | Found a runed gate.
 46160 | Elf:2    | Found a runed gate.
 46161 | Elf:2    | Found a runed gate.
 46182 | Elf:2    | Reached skill level 19 in Conjurations
 46837 | Elf:2    | Reached skill level 5 in Air Magic
 48342 | Elf:2    | Gained mutation: Your tail ends in a poisonous barb. [evolution]
 49589 | Snake:2  | Noticed Nikola
 49600 | Snake:2  | Killed Nikola
 50438 | Snake:2  | Identified 2 scrolls of acquirement
 50445 | Snake:2  | Got a pair of twisted boots
 50450 | Snake:2  | Got a steaming tin amulet
 50453 | Snake:2  | Identified the amulet "Latye" {Spirit Int+3 Dex-3 SInv} (You acquired it on level 2 of the Snake Pit)
 50517 | Snake:2  | Identified the +1 pair of boots of Fourul {rC+ rCorr} (You acquired it on level 2 of the Snake Pit)
 50786 | Snake:2  | Reached XP level 18. HP: 119/119 MP: 29/35
 50824 | Snake:2  | Noticed Vashnia
 50862 | Snake:2  | Killed Vashnia
 51148 | Snake:2  | Noticed Saint Roka
 52463 | Snake:2  | Found an oddly glowing altar of Pakellas.
 52693 | Snake:2  | Killed Saint Roka
 53471 | Snake:3  | Lost mutation: You are very frail (-20% HP). [evolution]
 53569 | Snake:3  | Reached skill level 20 in Conjurations
 54680 | Snake:3  | Found an opulent altar of Gozag.
 54922 | Snake:4  | Entered Level 4 of the Snake Pit
 55018 | Snake:4  | Found a flickering gateway to a bazaar.
 55023 | Bazaar   | Entered a bazaar
 55037 | Bazaar   | Found Zuoghou's Assorted Antiques.
 55037 | Bazaar   | Found Omagoudgh's Jewellery Shoppe.
 55060 | Bazaar   | Found Lynasita's Magic Scroll Shoppe.
 55075 | Bazaar   | Found Hiyn Bedubb's Armour Emporium.
 55075 | Bazaar   | Found Mupsomaa's Book Shoppe.
 55096 | Bazaar   | Found Haprehil's Food Emporium.
 55096 | Bazaar   | Found Sawox's Armour Shoppe.
 55199 | Bazaar   | Bought a papyrus book for 225 gold pieces
 55199 | Bazaar   | Bought a small brass ring for 75 gold pieces
 55199 | Bazaar   | Bought a scroll of identify for 30 gold pieces
 55227 | Bazaar   | Bought a scroll of acquirement for 780 gold pieces
 55257 | Bazaar   | Bought a book of Transfigurations for 495 gold pieces
 55257 | Bazaar   | Bought the Volume of the Ten Planets for 522 gold pieces
 55264 | Bazaar   | Learned a level 2 spell: Blink
 55277 | Bazaar   | Learned a level 6 spell: Statue Form
 55310 | Bazaar   | Bought a bread ration for 60 gold pieces
 55310 | Bazaar   | Bought a meat ration for 60 gold pieces
 55310 | Bazaar   | Bought a bread ration for 60 gold pieces
 55310 | Bazaar   | Bought 4 fruits for 72 gold pieces
 55525 | Snake:4  | Reached skill level 1 in Transmutations
 55924 | Snake:4  | Reached skill level 1 in Earth Magic
 55975 | Snake:4  | Noticed Asterion
 56000 | Snake:4  | Killed from afar by Asterion

Vault maps used:
D:1:      grunt_arrival_crossed_arrows
D:2:      marbit_many_paths, overflow_temple_1_default
D:3:      grunt_dithmenos_smoke, lemuel_crystal_altar, first_bread
D:4:      old_standard_altar, minmay_temple_entry_overgrown, tgw_xom
D:5:      slow_altar_2, grunt_pakellas_mercury, gup_sewer_entry_spiral
D:6:      vehumet_crystals, kennysheep_mini_moat, serial_glass, glass_columns_a,
          glass_columns_c, uniq_duvessa
D:7:      elyvilon_altar_3, lemuel_doored_altar, okawaru_ov_weapons_minmay,
          basic_altar, minmay_misc_feat_more_columns
D:8:      minmay_lair_entry_lava, basic_altar, hangedman_little_slice_of_home,
          uniq_maurice
D:9:      abandoned_shop
D:10:     serial_shops, shop, nicolae_shop_window_shopping, shop
D:11:     uniq_harold
D:12:     kennysheep_orc_monster_closet_entryway
D:13:     uniq_josephine
D:14:     david_vaults_2, minmay_stone_trees_small, uniq_agnes
D:15:     grunt_enter_depths_hoard, serial_shops, nicolae_shop_stone,
          yredelemnul_altar_generic, lemuel_tele_altar, uniq_louise, uniq_urug
Temple:   minmay_temple_bridge_a_8
Lair:1:   lemuel_fruit_fields
Lair:2:   forest_entry_grove
Lair:3:   elwin_shoals_entry_stream, portal_ice_cave_entry_pillars_01,
          beast_lair_carwin_10, serial_bayou_shore_a, lemuel_fruit_tree
Lair:4:   infiniplex_staircase_pool_2, grunt_megastairs_3, lemuel_fruit_fields,
          serial_bayou_shore_b
Lair:5:   uniq_kirke
Lair:6:   minmay_snake_entry_guardpost_large
Lair:7:   onia_ninara_swampy_vault, nicolae_slime_entry_slimehenge,
          serial_bayou, serial_bayou_pond_c, serial_bayou_pond_b,
          serial_bayou_lake_a, serial_bayou_pond_c
Lair:8:   evilmike_catoblepas_cave, serial_forest,
          infiniplex_forest_lined_room_3, infiniplex_forest_clump_medium,
          infiniplex_forest_straight_3, infiniplex_forest_end_3,
          infiniplex_forest_clump_medium, infiniplex_forest_straight_5,
          infiniplex_forest_clump_double, infiniplex_forest_straight_2,
          infiniplex_forest_zigzag_2, eino_small_chamber_without_monster
Shoals:2: uniq_polyphemus
Snake:1:  spider_trap
Snake:2:  basic_altar, uniq_vashnia, uniq_nikola, uniq_saint_roka
Snake:3:  basic_altar
Snake:4:  snake_hunt, serial_shops, bzr_entry_road, grunt_ministairs_13,
          uniq_aizul, uniq_jorgrun, uniq_asterion
Orc:2:    st_orc_ogre_mass, basic_altar, lab_entry_generic
Elf:1:    evilmike_minifort
Elf:2:    corexii_leaking_fountain
Lab:      labyrinth_mini_lab
Bazaar:   bazaar_long_row
Sewer:    sewer_the_crocodile
IceCv:    ice_cave_caverns_01

Action                   |  1- 3 |  4- 6 |  7- 9 | 10-12 | 13-15 | 16-18 || total
-------------------------+-------+-------+-------+-------+-------+-------++-------
Melee: Hand axe          |    82 |     3 |       |       |       |       ||    85
       Unarmed           |     5 |       |       |       |       |       ||     5
       Staff             |       |    23 |    41 |    25 |   110 |    22 ||   221
       Dagger            |       |       |    28 |   136 |     4 |       ||   168
       Battleaxe         |       |       |       |       |     8 |       ||     8
       Lajatang          |       |       |       |       |    67 |       ||    67
       Short sword       |       |       |       |       |       |    57 ||    57
 Cast: Magic Dart        |    50 |   117 |   409 |   347 |   758 |   622 ||  2303
       Iskenderun's Myst |       |     2 |    23 |   203 |   305 |   310 ||   843
       Fulminant Prism   |       |       |       |    16 |    63 |    16 ||    95
       Iskenderun's Batt |       |       |       |       |   132 |   127 ||   259
       Repel Missiles    |       |       |       |       |       |     7 ||     7
       Freezing Cloud    |       |       |       |       |       |    88 ||    88
       Blink             |       |       |       |       |       |     2 ||     2
Invok: Reject Sacrifices |       |     1 |       |     2 |     2 |     1 ||     6
       Draw Out Power    |       |       |     2 |    11 |    23 |    21 ||    57
       Sacrifice Artific |       |       |     1 |       |       |       ||     1
       Sacrifice Love    |       |       |       |     1 |       |       ||     1
 Abil: Breathe Dispellin |       |       |    32 |    16 |    19 |     6 ||    73
  Use: Scroll            |       |     5 |     8 |    13 |    23 |    26 ||    75
       Potion            |       |       |     5 |     8 |    14 |    18 ||    45
 Stab: Sleeping          |     2 |       |       |       |       |       ||     2
       Distracted        |       |       |       |     2 |       |     1 ||     3
       Invisible         |       |       |       |     1 |     3 |     1 ||     5
  Eat: Chunk             |     5 |     6 |    22 |    27 |    47 |    12 ||   119
       Pizza             |       |     1 |       |     4 |     1 |     3 ||     9
       Royal jelly       |       |     1 |       |       |       |     9 ||    10
       Meat ration       |       |       |     1 |       |     1 |       ||     2
       Beef jerky        |       |       |       |     2 |     2 |       ||     4
       Fruit             |       |       |       |       |     5 |    20 ||    25
       Bread ration      |       |       |       |       |       |     1 ||     1
